Map: Acropolis LE

Players

Stats - Winner!

  • Race: Protoss Protoss
  • Spawn Location: 11:00

Ptak

  • Race: Zerg Zerg
  • Spawn Location: 5:00

Event: NationWars 2019

VOD

Have the link to the VOD?

Description

Time

  • Played on: Oct. 4, 2019, 12:47 p.m.
  • Length: 8:45
Show
View Real Time Build Order
Export as new Build Order

Stats Protoss - Winner!

Build Orders: 1 Gate Expand, Oracle Opening, Phoenix Opening, Zealot Archon 

Get SALT Encoding   

  12  0:00  Probe  
  13  0:13  Probe  
  14  0:20  Pylon  
  14  0:25  Probe  
  15  0:38  Probe (Chrono Boost)  
  15  0:40  Gateway  
  16  0:47  Probe (Chrono Boost), Assimilator  
  17  0:52  Probe (Chrono Boost)  
  18  1:04  Probe  
  19  1:16  Probe  
  20  1:23  Nexus  
  20  1:32  Cybernetics Core  
  20  1:36  Probe  
  21  1:41  Assimilator  
  21  1:48  Probe  
  21  1:51  Pylon  
  22  2:00  Probe  
  23  2:06  Adept (Chrono Boost)  
  23  2:12  Probe  
  26  2:18  Stargate  
  26  2:25  Probe (Chrono Boost), Warp Gate  
  26  2:28  Adept (Chrono Boost)  
  27  2:35  Probe (Chrono Boost)  
  31  2:42  Probe (Chrono Boost)  
  32  2:45  Probe (Chrono Boost)  
  32  2:49  Probe (Chrono Boost)  
  32  2:50  Probe (Chrono Boost)  
  33  2:51  Adept  
  36  3:00  Probe  
  36  3:02  Phoenix (Chrono Boost), Probe  
  40  3:06  Pylon  
  40  3:13  Probe  
  40  3:14  Probe  
  42  3:23  Oracle (Chrono Boost)  
  45  3:27  Probe x2  
  47  3:37  Assimilator  
  47  3:38  Pylon  
  47  3:39  Probe x2  
  47  3:40  Assimilator  
  49  3:42  Gateway  
  49  3:51  Oracle (Chrono Boost)  
  49  3:54  Probe  
  49  3:55  Probe  
  52  4:11  Probe x2  
  52  4:15  Pylon  
  52  4:18  Oracle (Chrono Boost)  
  52  4:23  Probe x2  
  57  4:29  Robotics Facility  
  57  4:30  Adept  
  59  4:35  Probe x2  
  61  4:42  Pylon, Sentry  
  61  4:45  Pylon  
  63  4:52  Nexus  
  63  4:54  Pylon  
  63  4:56  Pylon, Probe x2  
  64  5:11  Probe x2, Sentry  
  64  5:12  Sentry  
  70  5:17  Observer (Chrono Boost)  
  70  5:18  Pylon  
  70  5:21  Forge  
  71  5:22  Twilight Council  
  71  5:28  Probe x2  
  73  5:30  Immortal (Chrono Boost)  
  77  5:35  Gateway  
  77  5:36  Gateway  
  77  5:39  Sentry  
  79  5:45  Probe x2  
  79  5:48  Gateway  
  79  5:49  Gateway  
  81  5:50  Protoss Ground Weapons Level 1 (Chrono Boost)  
  81  5:55  Shield Battery  
  81  5:57  Probe x2, Immortal (Chrono Boost)  
  87  6:12  Charge  
  87  6:14  Zealot x2  
  87  6:17  Templar Archives  
  91  6:21  Probe x3  
  94  6:30  Immortal (Chrono Boost)  
  94  6:32  Zealot x2  
  100  6:37  Zealot x2  
  102  6:48  Zealot  
  102  6:49  Zealot  
  102  6:50  Probe  
  102  6:51  Probe  
  102  6:53  Pylon  
  108  6:58  High Templar x2, Assimilator  
  108  7:00  Warp Prism  
  108  7:01  Assimilator  
  112  7:04  Gateway  
  112  7:05  Probe x2  
  112  7:06  Probe  
  117  7:08  Archon  
  117  7:14  Photon Cannon  
  117  7:15  Gateway  
  117  7:16  Pylon  
  117  7:18  High Templar  
  117  7:21  High Templar  
  121  7:27  Probe x3, Archon  
  124  7:31  Zealot x4  
  124  7:33  Pylon  
  132  7:43  Probe  
  133  7:44  Probe  
  133  7:47  Pylon  
  133  7:48  Pylon x2  
  134  7:54  Nexus  
  134  7:55  Pylon  
  134  8:11  Zealot x8  
Show
View Real Time Build Order
Export as new Build Order

Ptak Zerg 

Build Orders: Hatch First 

Get SALT Encoding   

  12  0:00  Drone  
  13  0:12  Overlord  
  13  0:16  Drone  
  14  0:32  Drone x2  
  14  0:34  Drone  
  17  0:52  Hatchery  
  17  0:54  Drone  
  17  0:56  Drone  
  18  1:09  Extractor  
  17  1:12  Spawning Pool  
  17  1:14  Drone  
  17  1:18  Drone  
  18  1:29  Drone  
  19  1:43  Drone  
  20  1:48  Hatchery  
  20  1:52  Drone  
  20  2:05  Queen  
  20  2:06  Drone  
  20  2:07  Pneumatized Carapace  
  23  2:11  Drone  
  23  2:14  Drone  
  25  2:17  Drone  
  26  2:24  Overlord  
  26  2:27  Zergling x2  
  27  2:34  Drone  
  28  2:39  Metabolic Boost  
  28  2:44  Queen  
  28  2:47  Zergling x2  
  28  2:48  Zergling x2  
  28  2:50  Zergling x2  
  33  2:57  Drone  
  34  2:59  Queen  
  34  3:03  Drone  
  34  3:05  Drone  
  38  3:08  Drone  
  38  3:09  Drone  
  38  3:11  Drone  
  41  3:16  Drone  
  42  3:22  Overlord  
  42  3:23  Overlord  
  42  3:26  Extractor  
  40  3:30  Drone x2  
  42  3:36  Overlord x2  
  42  3:39  Spore Crawler  
  42  3:41  Drone  
  43  3:43  Drone  
  43  3:44  Drone  
  43  3:46  Drone  
  46  3:49  Drone  
  46  3:52  Extractor  
  46  3:55  Zergling x2  
  46  3:56  Zergling x2  
  46  3:57  Drone x2  
  49  4:06  Drone x3  
  51  4:10  Spore Crawler  
  51  4:11  Drone x2  
  51  4:16  Spore Crawler, Drone  
  52  4:18  Drone  
  52  4:20  Drone x2  
  52  4:21  Drone  
  53  4:28  Drone  
  53  4:29  Drone x2  
  54  4:33  Roach Warren  
  53  4:44  Drone x2  
  55  4:48  Drone  
  55  4:49  Drone x4  
  55  4:52  Overlord  
  59  5:02  Overlord x2  
  55  5:14  Roach  
  55  5:15  Roach x8  
  55  5:18  Overlord  
  73  5:21  Overlord  
  72  5:30  Overlord  
  72  5:31  Roach x2  
  72  5:35  Zergling x2  
  76  5:36  Zergling x6  
  76  5:39  Zergling x2  
  76  5:42  Zergling x4  
  82  5:43  Zergling x2  
  82  5:44  Zergling x2  
  82  5:47  Zergling x8  
  88  5:55  Ravager x3  
  91  5:59  Zergling x2  
  91  6:00  Zergling x4  
  91  6:01  Ravager x2  
  91  6:02  Ravager  
  91  6:03  Zergling x2  
  98  6:04  Zergling x4  
  98  6:05  Zergling x2  
  98  6:06  Zergling x2  
  98  6:09  Zergling x2  
  101  6:11  Zergling x4  
  101  6:12  Zergling x4  
  101  6:13  Zergling x2  
  101  6:14  Zergling x2  
  101  6:15  Zergling x2  
  108  6:18  Zergling x2  
  108  6:19  Zergling x2  
  108  6:25  Zergling x2  
  105  6:29  Zergling x2  
  105  6:31  Zergling x2  
  93  6:33  Zergling x2  
  93  6:35  Zergling x4  
  93  6:37  Zergling x2  
  93  6:38  Lair  
  77  6:40  Extractor  
  72  6:47  Drone  
  72  6:48  Drone x2  
  72  6:49  Drone x6  
  70  6:58  Drone  
  70  6:59  Drone  
  70  7:01  Roach x4, Evolution Chamber  
  79  7:05  Roach, Extractor  
  81  7:08  Roach  
  81  7:10  Roach  
  83  7:17  Roach x3  
  83  7:18  Roach  
  83  7:19  Roach  
  83  7:21  Roach  
  95  7:31  Drone x2  
  95  7:32  Drone  
  95  7:33  Roach x3  
  95  7:34  Extractor  
  103  7:39  Drone  
  103  7:40  Drone  
  103  7:41  Extractor  
  103  7:42  Drone x2  
  106  7:44  Drone x2  
  106  7:45  Drone x2  
  110  7:53  Roach x2  
  110  7:57  Overlord x2  
  110  7:58  Overlord  
  114  8:10  Roach x2  
  102  8:15  Roach x8  
  103  8:20  Roach  
  103  8:21  Roach  
Tags
 
Add a new tag
Caveats
  • Supply blocks, unpowered buildings, or Contaminate may cause inaccurate times.
  • Supply counts are checked every 10 seconds.